 Dungeon Crawl Stone Soup version 0.25-a0-246-g58704a1ebd (webtiles) character file.

Game seed: 809971375822207010, levelgen mode: classic

1353 Borgoz the Skirmisher (level 8, 0/71 HPs)
             Began as a Minotaur Gladiator on Dec 4, 2019.
             Slain by an orc wizard
             ... wielding an uncursed staff of cold
              (1 damage)
             ... on level 10 of the Dungeon.
             The game lasted 00:08:23 (4766 turns).

Borgoz the Skirmisher (Minotaur Gladiator)          Turns: 4766, Time: 00:08:24

Health: 0/71       AC:  6    Str: 20 (22) XL:     8   Next: 36%
Magic:  0/7        EV: 13    Int:  5 (8)  God:
Gold:   293        SH:  0    Dex: 10 (11) Spells: 7/7 levels left

rFire    . . .     SeeInvis .   a - +1 rapier
rCold    . . .     Gourm    .   (no shield)
rNeg     . . .     Faith    .   k - +0 ring mail
rPois    .         Spirit   +   c - +0 hat
rElec    .         Reflect  .   (no cloak)
rCorr    +         Harm     .   (no gloves)
MR       .....                  (no boots)
Stlth    +.........             m - amulet of guardian spirit
HPRegen  0.21/turn              o - +3 ring of intelligence
MPRegen  0.10/turn              t - ring of resist corrosion

@: lethally poisoned (0 -> -1), marked, very slightly contaminated, hasted,
lightly drained, very quick
A: retaliatory headbutt, horns 2
a: no special abilities


You were on level 10 of the Dungeon.
You were very hungry.

You visited 2 branches of the dungeon, and saw 9 of its levels.

You collected 293 gold pieces.

Inventory:

Hand Weapons
 a - a +1 rapier (weapon)
 b - a +0 dagger of draining
Armour
 c - a +0 hat (worn)
 k - a +0 ring mail (worn)
Jewellery
 m - an amulet of guardian spirit (around neck)
 o - a +3 ring of intelligence (left hand)
 t - a ring of resist corrosion (right hand)
Wands
 j - a wand of flame (18)
Potions
 g - 3 potions of brilliance
 v - a potion of flight
Comestibles
 f - 11 rations


   Skills:
 * Level 6.3(5.9) Fighting
 * Level 6.2(5.8) Short Blades
 - Level 2.0(1.6) Throwing
 * Level 5.5(5.0) Armour
 * Level 6.2(5.8) Dodging
 + Level 2.7(2.3) Stealth


You had 7 spell levels left.
You didn't know any spells.
Your spell library was empty.

Dungeon Overview and Level Annotations

Branches:
Dungeon (7/15)             Temple (1/1) D:4

Altars:
Ashenzari
Cheibriados
Dithmenos
Elyvilon
Fedhas
Hepliaklqana
Kikubaaqudgha
Makhleb
Nemelex Xobeh
Qazlal
Ru
Sif Muna
Uskayaw
Vehumet
Wu Jian
Xom
Yredelemnul
Zin
The Shining One

Shops:
D:5 (

Annotations:
D:10 Harold, Nergalle


Innate Abilities, Weirdness & Mutations

You reflexively headbutt those who attack you in melee.
You have a pair of horns on your head.


Message History

You see here a poisoned dart.
You miss something.
You hear some strange, mumbled words.
You are confused.
You bump into the rock wall.
You feel sick. Something barely misses you.
You completely miss something. You headbutt something.
Something barely misses you.
You bump into the rock wall.
You hit something.
You feel sick. Something hits you but does no damage.
You hit something but do no damage. Something hits you but does no damage.
You feel yourself speed up. Something hits you but does no damage.
You're too confused to move!
The centaur seems to regain its courage.
Something hits you.
* * * LOW HITPOINT WARNING * * *
You feel less confused.
You see here an arrow.
* * * LOW HITPOINT WARNING * * *
You feel sick. Something hits you.
You die...

***#################**###*******
,,,.................,....,,,,,,*
***#.......#..#####......,****,*
***#.......#..#####)..#..,,,,,,*
,,,........(((.(@{co.....,,,,,,*
,,,..################....,,,,,,*
***.,* *,,,o,,,,,,* ***,,*
*,,,,,***,,* ,,,,,* *,,,,,,,,,,*
,,,,,* *,,,,,,,,,,* +*****
****,,,,,,,* ,,* *,,,,,,,* ,,*
*,*****,*


You could see a centaur and an orc.

Vanquished Creatures
  A black bear (D:6)
  2 ogres
  3 bullfrogs
  A big kobold (D:10)
  A scorpion (D:7)
  5 killer bees (D:7)
  A centaur zombie (D:5)
  A bullfrog zombie (D:7)
  A centaur skeleton (D:4)
  2 hounds
  An orc priest (D:4)
  2 orc wizards (D:4)
  An iguana (D:4)
  3 worker ants
  A hound skeleton (D:4)
  8 adders
  A gnoll (D:1)
  2 adder skeletons
  An adder zombie (D:5)
  A worm (D:4)
  4 dart slugs
  3 leopard geckos
  18 orcs
  6 giant cockroaches
  6 goblins
  8 hobgoblins
  3 jackals (D:2)
  8 kobolds
  7 quokkas
  2 ball pythons
  14 bats
  2 frilled lizards
  A quokka skeleton (D:4)
  11 rats
132 creatures vanquished.

Vanquished Creatures (others)
  An orc wizard (D:10)
1 creature vanquished.

Grand Total: 133 creatures vanquished

Notes
Turn   | Place    | Note
-------+----------+-------------------------------------------
     0 | D:1      | Borgoz the Minotaur Gladiator began the quest for the Orb.
     0 | D:1      | Reached XP level 1. HP: 18/18 MP: 0/0
   197 | D:1      | Reached XP level 2. HP: 4/25 MP: 1/1
   204 | D:1      | Reached skill level 1 in Armour
   546 | D:1      | Reached XP level 3. HP: 29/31 MP: 2/2
  1481 | D:2      | Reached XP level 4. HP: 27/38 MP: 3/3
  2256 | D:4      | Reached skill level 1 in Stealth
  2261 | D:4      | Reached XP level 5. HP: 40/46 MP: 4/4
  2522 | D:4      | Found a shimmering altar of Xom.
  2635 | D:4      | Found a staircase to the Ecumenical Temple.
  2676 | D:4      | Reached XP level 6. HP: 52/52 MP: 1/5
  2692 | Temple   | Entered the Ecumenical Temple
  3163 | D:4      | Found a hide-covered altar of Uskayaw.
  3170 | D:4      | Found a sparkling altar of Nemelex Xobeh.
  3378 | D:5      | Entered Level 5 of the Dungeon
  3379 | D:5      | Found a snail-covered altar of Cheibriados.
  3422 | D:5      | Found Duafeehaog's Weapon Emporium.
  3586 | D:5      | Reached skill level 5 in Short Blades
  3586 | D:5      | Reached skill level 5 in Dodging
  3586 | D:5      | Reached XP level 7. HP: 60/60 MP: 6/6
  3602 | D:5      | Reached skill level 5 in Fighting
  4006 | D:7      | Reached XP level 8. HP: 19/70 MP: 2/7
  4028 | D:7      | Reached skill level 5 in Armour
  4573 | D:7      | You fall into a shaft and drop 3 floors!
  4573 | D:10     | Entered Level 10 of the Dungeon
  4617 | D:10     | Noticed Nergalle
  4644 | D:10     | Noticed a spectral orc knight
  4649 | D:10     | Noticed a spectral orc knight
  4731 | D:10     | Noticed Harold
  4755 | D:10     | HP: 3/71 [centaur/arrow (3)]
  4761 | D:10     | HP: 2/71 [poisoned by a kobold]
  4766 | D:10     | HP: 1/71 [poisoned by a kobold]
  4766 | D:10     | Slain by an orc wizard

Levels and vault maps discovered:
D:1:      dpeg_arrival_arbitrary_b, layout_basic
D:2:      layout_basic, first_ration
D:3:      layout_basic
D:4:      layout_loops_ring, grunt_temple_overflow_open,
          minmay_temple_entry_junction_2, minmay_ruined_shrine
D:5:      layout_gridville, kennysheep_slug_shrine, serial_shops, shop
D:6:      layout_gridville
D:7:      layout_basic, grunt_temple_overflow_bloody_war, uniq_joseph
D:10:     layout_stronghold, serial_rivers, chequers_serial_rivers_micro_e,
          chequers_serial_rivers_micro_e, chequers_serial_rivers_micro_a,
          chequers_serial_rivers_micro_a, chequers_serial_rivers_micro_e,
          uniq_harold, uniq_nergalle
Temple:   eino_temple_scatter_basement

Skill      XL: |  1  2  3  4  5  6  7  8 |
---------------+-------------------------+-----
Armour         | 1 2 3 4 5 |  5.5
Fighting       | 3 4 5 6 |  6.3
Short Blades   | 4 5 6 |  6.2
Dodging        | 4 5 6 |  6.2
Stealth        | 1 2 |  2.7
Throwing       | |  2.0

Action                   |  1- 3 |  4- 6 |  7- 9 || total
-------------------------+-------+-------+-------++-------
Melee: Rapier            |    85 |   143 |   127 ||   355
       Headbutt          |    10 |    31 |    18 ||    59
Throw: Throwing net      |     2 |       |     1 ||     3
  Use: Scroll            |       |     8 |     5 ||    13
       Potion            |       |     2 |     7 ||     9
 Stab: Held in net/web   |     2 |       |     1 ||     3
       Invisible         |       |       |     3 ||     3
  Eat: Chunk             |     2 |     7 |     2 ||    11
Armor: Leather armour    |     8 |       |       ||     8
       Ring mail         |    10 |    39 |    41 ||    90
       Skin              |       |    13 |       ||    13
Dodge: Dodged            |    62 |    79 |   124 ||   265

Table legend:
 A = Non-vault XP
 B = Vault XP
 C = Vault XP percentage of total XP
 D = Non-vault monster count
 E = Vault monster count
 F = Vault count percentage of total count
                 A         B        C        D         E       F
            +---------+---------+-------+---------+---------+-------
      Total |    1828 |     105 |   5.4 |     125 |       7 |   5.3
            +---------+---------+-------+---------+---------+-------
        D:1 |      56 |       0 |   0.0 |      28 |       0 |   0.0
        D:2 |      48 |       0 |   0.0 |      15 |       0 |   0.0
        D:3 |      45 |       0 |   0.0 |      23 |       0 |   0.0
        D:4 |     330 |     101 |  23.4 |      27 |       6 |  18.2
        D:5 |     244 |       4 |   1.6 |      11 |       1 |   8.3
        D:6 |     311 |       0 |   0.0 |       3 |       0 |   0.0
        D:7 |     691 |       0 |   0.0 |      12 |       0 |   0.0
       D:10 |     103 |       0 |   0.0 |       6 |       0 |   0.0
            +---------+---------+-------+---------+---------+-------
